Map: 16-Bit LE

Players

Mik

  • Race: Protoss Protoss
  • Spawn Location: 7:00

grillbottom - Winner!

  • Race: Terran Terran
  • League: Silver
  • Spawn Location: 1:00

VOD

Have the link to the VOD?

Description

Time

  • Played on: March 11, 2023, 3:59 a.m.
  • Length: 24:42
Show
View Real Time Build Order
Export as new Build Order

Mik Protoss 

Build Orders:  

Get SALT Encoding   

  12  0:01  Probe (Chrono Boost)  
  13  0:14  Pylon  
  13  0:16  Probe (Chrono Boost)  
  14  0:32  Probe  
  15  0:44  Probe  
  15  0:45  Gateway  
  16  0:50  Pylon  
  16  0:57  Probe  
  17  1:09  Assimilator  
  17  1:16  Probe (Chrono Boost)  
  18  1:27  Probe (Chrono Boost)  
  19  1:36  Cybernetics Core, Probe  
  20  2:03  Pylon  
  20  2:11  Nexus  
  20  2:24  Pylon  
  20  2:34  Assimilator  
  20  2:45  Robotics Facility  
  20  2:47  Warp Gate  
  20  2:53  Gateway  
  20  2:54  Gateway  
  20  2:57  Pylon  
  21  3:28  Probe (Chrono Boost)  
  21  3:29  Probe (Chrono Boost)  
  22  3:38  Probe (Chrono Boost)  
  22  3:39  Robotics Bay  
  22  3:41  Probe (Chrono Boost)  
  24  3:43  Probe (Chrono Boost)  
  24  3:48  Stalker x2  
  27  3:50  Zealot  
  27  3:55  Probe (Chrono Boost)  
  32  3:57  Observer  
  33  4:05  Probe (Chrono Boost)  
  35  4:13  Probe (Chrono Boost)  
  35  4:15  Probe (Chrono Boost)  
  36  4:19  Probe x2 (Chrono Boost)  
  36  4:22  Disruptor (Chrono Boost)  
  38  4:31  Probe x2  
  42  4:37  Stalker  
  45  4:40  Zealot x2  
  45  4:43  Probe x2  
  51  4:50  Assimilator  
  51  4:55  Assimilator  
  51  5:00  Disruptor  
  54  5:10  Zealot x2  
  58  5:14  Stalker  
  58  5:18  Observer  
  60  5:46  Observer  
  48  6:02  Stalker x2  
  52  6:04  Zealot  
  54  6:13  Disruptor  
  57  6:19  Probe (Chrono Boost)  
  58  6:28  Probe (Chrono Boost)  
  58  6:29  Gateway  
  58  6:30  Gateway  
  59  6:33  Probe (Chrono Boost)  
  59  6:34  Shield Battery  
  59  6:37  Shield Battery  
  59  6:39  Pylon  
  60  6:46  Pylon  
  60  6:51  Pylon  
  60  7:01  Stalker  
  60  7:02  Stalker  
  60  7:04  Colossus (Chrono Boost)  
  70  7:10  Forge  
  70  7:27  Zealot  
  70  7:28  Zealot x2  
  76  7:31  Stalker x2  
  80  7:41  Shield Battery  
  80  7:45  Photon Cannon  
  80  7:59  Immortal  
  84  8:39  Nexus  
  84  8:43  Stalker x2  
  84  8:45  Adept x2  
  84  8:48  Protoss Ground Weapons Level 1 (Chrono Boost)  
  92  8:49  Sentry  
  94  9:00  Pylon  
  94  9:01  Pylon  
  94  9:04  Assimilator x2  
  94  9:12  Pylon  
  94  9:13  Pylon  
  94  9:14  Pylon  
  94  9:16  Pylon  
  94  9:17  Pylon  
  94  9:35  Photon Cannon  
  94  9:36  Photon Cannon  
  94  9:42  Nexus  
  94  9:51  Zealot x2  
  98  9:52  Colossus  
  98  9:53  Nexus  
  98  9:55  Stalker x2  
  98  9:59  Sentry  
  110  10:15  Adept x2  
  114  10:25  Pylon  
  114  10:28  Pylon  
  114  10:43  Disruptor (Chrono Boost)  
  117  11:11  Probe (Chrono Boost)  
  118  11:17  Probe (Chrono Boost)  
  119  11:21  Probe (Chrono Boost)  
  119  11:25  Probe (Chrono Boost)  
  121  11:26  Stalker  
  121  11:27  Zealot  
  121  11:28  Probe (Chrono Boost), Zealot  
  121  11:30  Probe (Chrono Boost)  
  129  11:34  Adept x2  
  129  11:37  Probe  
  129  11:38  Observer  
  135  11:41  Probe  
  136  11:49  Probe  
  136  11:50  Zealot  
  136  11:52  Stalker  
  136  11:53  Probe  
  143  12:21  Observer (Chrono Boost)  
  137  12:26  Photon Cannon  
  135  12:30  Probe (Chrono Boost)  
  135  12:35  Probe (Chrono Boost)  
  137  12:41  Probe (Chrono Boost)  
  137  12:42  Observer  
  137  12:44  Probe (Chrono Boost)  
  140  12:47  Probe (Chrono Boost)  
  140  12:48  Probe (Chrono Boost)  
  142  12:56  Probe  
  143  13:00  Probe  
  114  13:08  Probe  
  114  13:12  Probe  
  95  13:15  Stalker x3  
  95  13:17  Zealot  
  95  13:18  Zealot  
  85  13:48  Probe  
  85  13:53  Colossus (Chrono Boost)  
  85  14:00  Probe  
  92  14:07  Robotics Facility  
  92  14:14  Probe (Chrono Boost)  
  93  14:17  Assimilator  
  93  14:21  Assimilator, Probe (Chrono Boost)  
  94  14:27  Probe (Chrono Boost)  
  94  14:30  Assimilator, Probe (Chrono Boost)  
  97  14:31  Probe (Chrono Boost)  
  97  14:32  Assimilator  
  97  14:35  Probe (Chrono Boost)  
  97  14:37  Colossus (Chrono Boost)  
  97  14:38  Probe x2 (Chrono Boost)  
  100  14:42  Zealot x2  
  100  14:43  Stalker  
  100  14:44  Stalker  
  114  14:45  Zealot  
  114  14:51  Probe (Chrono Boost)  
  118  15:01  Probe (Chrono Boost)  
  118  15:10  Probe (Chrono Boost), Colossus  
  125  15:14  Probe (Chrono Boost)  
  126  15:22  Zealot x3  
  126  15:24  Probe  
  133  15:36  Probe  
  133  15:37  Pylon  
  133  15:38  Pylon  
  133  15:40  Pylon  
  131  15:47  Zealot x2  
  131  15:48  Zealot  
  137  15:52  Adept x2  
  137  15:56  Probe  
  142  16:03  Gateway  
  146  16:04  Immortal (Chrono Boost)  
  146  16:05  Pylon  
  146  16:08  Probe  
  146  16:09  Gateway  
  147  16:16  Colossus (Chrono Boost)  
  147  16:20  Probe  
  154  16:29  Pylon x2  
  154  16:33  Photon Cannon  
  154  16:35  Disruptor (Chrono Boost)  
  154  16:39  Pylon  
  157  16:40  Protoss Ground Armor Level 1  
  157  16:41  Shield Battery  
  157  16:42  Shield Battery  
  157  16:44  Pylon  
  157  16:46  Stargate  
  157  16:52  Stargate  
  157  16:56  Pylon  
  151  17:48  Pylon x2  
  83  18:15  Stalker  
  83  18:16  Stalker  
  87  18:20  Colossus (Chrono Boost)  
  87  18:25  Immortal (Chrono Boost)  
  105  18:45  Void Ray  
  105  18:46  Void Ray  
  105  18:55  Pylon  
  105  18:56  Probe (Chrono Boost)  
  105  18:58  Pylon  
  105  19:00  Pylon  
  106  19:03  Pylon  
  106  19:07  Probe x2 (Chrono Boost)  
  108  19:10  Pylon  
  108  19:13  Pylon  
  108  19:14  Probe (Chrono Boost)  
  108  19:15  Pylon, Probe (Chrono Boost)  
  110  19:22  Probe  
  119  19:28  Void Ray  
  119  19:29  Void Ray  
  97  20:06  Stalker x2  
  96  20:08  Stalker  
  96  20:09  Stalker x3  
  57  20:36  Stalker x2  
  51  20:56  Pylon  
  47  20:58  Pylon  
  47  21:03  Stalker  
  47  21:04  Stalker  
  51  21:05  Stalker x2  
  55  21:11  Stalker  
  55  21:12  Stalker  
  36  21:44  Pylon  
  36  21:45  Pylon  
  33  21:49  Stargate  
  33  21:50  Stargate  
  33  22:05  Stalker  
  22  22:31  Warp Prism (Chrono Boost)  
  22  22:32  Probe (Chrono Boost)  
  10  22:42  Zealot x4  
  15  22:48  Pylon  
  15  22:49  Pylon  
  7  23:13  Gateway  
  7  23:18  Probe (Chrono Boost)  
  8  23:21  Observer  
  9  23:28  Probe (Chrono Boost)  
  7  23:56  Pylon  
  4  24:09  Zealot  
  5  24:18  Pylon  
  5  24:26  Nexus  
  5  24:28  Nexus  
  5  24:30  Nexus  
Show
View Real Time Build Order
Export as new Build Order

grillbottom Terran - Winner!

Build Orders:  

Get SALT Encoding   

  12  0:00  SCV  
  13  0:17  Supply Depot  
  13  0:18  SCV  
  14  0:31  SCV  
  15  0:40  Barracks  
  15  0:45  Refinery  
  15  0:46  SCV  
  16  0:58  SCV  
  17  1:10  SCV  
  18  1:23  SCV  
  19  1:26  Marine  
  19  1:27  Supply Depot  
  20  1:35  Orbital Command  
  20  1:44  Marine  
  21  1:59  Command Center  
  21  2:04  SCV  
  22  2:13  Barracks Reactor  
  22  2:23  Barracks  
  22  2:26  Barracks  
  22  2:35  SCV  
  22  2:36  Supply Depot  
  23  2:48  SCV  
  23  2:49  Marine x2  
  26  3:00  SCV  
  27  3:13  SCV  
  27  3:18  Marine x2  
  30  3:21  Barracks Tech Lab  
  30  3:22  Barracks Tech Lab  
  30  3:29  Orbital Command  
  30  3:31  SCV  
  31  3:37  Marine x2  
  31  3:41  Stimpack  
  33  3:42  Concussive Shells  
  33  3:45  Marauder x2  
  33  3:46  SCV  
  38  3:53  Bunker  
  38  3:55  Marine x2  
  38  3:58  SCV  
  41  4:07  SCV  
  42  4:10  Marine x2, SCV  
  45  4:17  Marine x2  
  45  4:19  SCV  
  48  4:26  SCV  
  48  4:28  Marine x2  
  48  4:29  Supply Depot  
  51  4:33  Refinery, Supply Depot  
  51  4:35  Marine x2  
  53  4:39  SCV  
  54  4:50  Marine x2  
  54  4:51  SCV x2  
  58  4:52  Combat Shield  
  58  4:53  Marine x2  
  58  4:54  Factory  
  60  5:03  SCV  
  61  5:08  Marine  
  62  5:18  Marine x3  
  65  5:23  Supply Depot x2  
  65  5:26  Marine, Barracks  
  65  5:28  Barracks  
  66  5:34  Ghost Academy  
  66  5:36  Marine x2  
  59  5:59  Marine x4  
  54  6:07  Starport, SCV x2  
  56  6:15  Marine x2  
  56  6:17  Marine x4  
  56  6:18  Widow Mine  
  64  6:19  SCV  
  65  6:27  Personal Cloaking  
  65  6:33  Marine  
  66  6:49  SCV x2  
  66  6:53  Marine  
  66  6:54  Marine x5  
  70  6:57  Starport Reactor  
  70  6:58  Command Center  
  74  7:11  Marine, Ghost  
  74  7:14  Marine x2  
  74  7:15  Marine x2  
  81  7:20  Supply Depot  
  81  7:22  Supply Depot  
  81  7:27  SCV x2  
  81  7:29  Marine  
  84  7:32  Marine x2  
  86  7:39  Refinery  
  86  7:41  Marine x2, Ghost, SCV x2  
  86  7:43  Medivac  
  94  7:48  Marine  
  94  7:50  Marine x2  
  94  7:51  Widow Mine  
  99  7:53  Medivac  
  99  7:54  SCV  
  99  7:56  Supply Depot  
  99  7:58  Supply Depot  
  102  8:10  Marine x2, SCV  
  102  8:11  SCV x2  
  107  8:14  Refinery  
  107  8:16  Refinery  
  107  8:20  Ghost  
  107  8:22  SCV  
  107  8:23  SCV x2  
  107  8:24  Medivac  
  114  8:34  SCV  
  114  8:38  Orbital Command  
  115  8:43  SCV  
  115  8:44  Marine x4, Ghost  
  115  8:46  SCV  
  123  8:49  Marine  
  123  8:50  Supply Depot  
  123  8:51  Medivac  
  123  8:53  Supply Depot  
  123  8:54  Widow Mine  
  123  8:55  SCV  
  129  9:02  Marine x3  
  132  9:04  Starport  
  132  9:12  Medivac, Marine x2, Supply Depot  
  132  9:13  Marine  
  132  9:14  Supply Depot  
  137  9:19  Marine x2  
  139  9:31  Marine, Ghost  
  139  9:32  Marine x2  
  139  9:37  Marine  
  145  9:42  SCV x3  
  148  9:47  Starport Tech Lab  
  148  9:51  Marine x2  
  148  9:52  Marine x2  
  152  9:54  SCV x3  
  152  9:55  Marine  
  156  10:00  Marine  
  156  10:06  SCV x3  
  160  10:08  Barracks  
  160  10:10  Raven  
  160  10:11  Medivac  
  160  10:12  Marine, Barracks  
  165  10:19  Command Center, Supply Depot  
  165  10:40  Medivac, Marine x6  
  173  10:46  Supply Depot  
  173  10:49  Supply Depot  
  173  11:07  Marine x6, Widow Mine  
  173  11:10  Raven  
  183  11:12  Supply Depot  
  183  11:15  Engineering Bay  
  183  11:17  Engineering Bay  
  183  11:19  Medivac x2  
  183  11:24  Marine x2  
  189  11:30  Marine x6  
  189  11:31  Widow Mine, SCV, Supply Depot  
  198  11:34  Supply Depot  
  198  11:35  Supply Depot  
  198  11:42  Marine  
  198  11:43  Marine  
  200  11:47  Terran Infantry Armor Level 1, Terran Infantry Weapons Level 1  
  165  13:10  Marine x8  
  118  13:27  Marine  
  118  13:28  Marine x7  
  116  13:45  Marine x2  
  116  13:46  Marine x6  
  124  13:50  Armory  
  124  14:02  Barracks  
  124  14:03  Marine x8, Barracks  
  124  14:06  Refinery  
  124  14:08  Barracks  
  132  14:12  Barracks  
  132  14:15  Medivac x2  
  132  14:16  Raven  
  138  14:20  Factory Tech Lab  
  138  14:21  Marine x8  
  146  14:37  Barracks  
  146  14:39  Marine x8  
  146  14:41  Terran Infantry Armor Level 2, Terran Infantry Weapons Level 2  
  154  14:51  Medivac x2, Raven  
  160  14:56  Marine  
  160  14:57  Marine x5, Ghost x2  
  170  15:00  Marine x2  
  170  15:01  Marine x2  
  174  15:12  Barracks x2  
  174  15:14  Marine  
  174  15:15  Marine x5  
  174  15:18  Marine x3  
  174  15:19  Marine  
  174  15:21  Medivac x2, Fusion Core  
  184  15:25  Raven, Ghost, Marine  
  184  15:28  Marine  
  194  15:30  Thor  
  194  15:32  Refinery  
  200  16:18  Starport  
  200  16:21  Starport  
  200  16:22  Starport  
  200  16:23  Starport  
  200  16:25  Starport  
  200  16:39  Command Center  
  200  17:11  Starport Tech Lab x4  
  200  17:12  Starport Tech Lab  
  198  17:55  Terran Infantry Armor Level 3, Terran Infantry Weapons Level 3  
  171  18:05  Battlecruiser x6  
  155  18:07  Marine  
  155  18:08  Marine x12  
  152  18:25  Marine  
  152  18:26  Marine x12  
  165  18:28  Refinery  
  165  18:43  Marine x5  
  165  18:44  Marine x8  
  178  18:58  Refinery, Terran Vehicle And Ship Armor Level 1  
  178  19:00  Weapon Refit  
  178  19:01  Marine x11  
  178  19:02  Marine x2  
  191  19:09  Battlecruiser  
  197  19:19  Marine x3  
  200  20:10  Battlecruiser  
  193  20:33  Battlecruiser  
  199  20:53  Terran Ship Weapons Level 1  
  193  21:30  Battlecruiser  
  193  22:36  Neosteel Armor  
  191  22:37  Liberator  
  191  22:38  Liberator x2  
Tags
 
League
Silver
Matchup
PvT
Spawn Locations
Cross Positions
Add a new tag
Caveats
  • Supply blocks, unpowered buildings, or Contaminate may cause inaccurate times.
  • Supply counts are checked every 10 seconds.